 Dungeon Crawl Stone Soup version 0.30.0-15-g856e2d3f33 (webtiles) character file.

Game seed: 17338623480882862665

69 RascalDebosk the Magician (level 4, -1/31 HPs)
             Began as a Djinni Summoner on May 20, 2023.
             Slain by an ufetubus (2 damage)
             ... on level 3 of the Dungeon.
             The game lasted 00:19:25 (1949 turns).

RascalDebosk the Magician (Djinni Summoner)         Turns: 1949, Time: 00:19:25

Health: -1/31      AC:  4    Str:  7    XL:     4   Next: 42%
Gold:   163        EV: 12    Int: 19    God:
                   SH:  5    Dex: 13

rFire   + + .        s - +0 dagger
rCold   . . .        (no shield)
rNeg    . . .        a - +0 robe
rPois   ∞            (no helmet)
rElec   .            (no cloak)
rCorr   .            g - +1 pair of gloves
SInv    .            (boots unavailable)
Will    .....        k - amulet of reflection
Stlth   ++           p - ring of protection from cold
HPRegen 0.25/turn    (no ring)
MPRegen 0.00/turn

%: reflection, infuse magic (-2 HP)
@: flying
A: sickness immunity, fire resistance 2, cold vulnerability 1, float, innate
caster, HP casting, extra vitality 1
a: no special abilities


You were on level 3 of the Dungeon.
You visited 1 branch of the dungeon, and saw 3 of its levels.

You collected 163 gold pieces.

Inventory:

Hand Weapons
 s - a +0 dagger (weapon)
Armour
 a - a +0 robe (worn)
 g - a +1 pair of gloves (worn)
Jewellery
 k - an amulet of reflection (around neck)
 p - a ring of protection from cold (left hand)
Scrolls
 b - a scroll of immolation {unknown}
 c - 5 scrolls of identify {unknown}
 h - a scroll of poison {unknown}
 i - a scroll of fog {unknown}
 j - a scroll of enchant armour {unknown}
 l - a scroll of magic mapping {unknown}
 o - 2 scrolls of enchant weapon {unknown}
Potions
 d - 2 potions of haste {unknown}
 e - 2 potions of heal wounds {unknown}
 f - 3 potions of curing {unknown}
 m - a potion of brilliance {unknown}
 n - a potion of lignification {unknown}
 q - a potion of invisibility {unknown}


   Skills:
 - Level 2.1 Dodging
 - Level 1.5 Stealth
 * Level 4.4 Spellcasting


You knew the following spells:

 Your Spells              Type           Power      Damage    Failure   Level
a - Summon Small Mammal   Summ           84%        N/A       1%          1
b - Call Imp              Summ           42%        N/A       3%          2
c - Call Canine Familiar  Summ           21%        N/A       6%          3
d - Summon Guardian Gole  Hex/Summ       21%        N/A       6%          3
e - Summon Lightning Spi  Summ/Air       21%        N/A       21%         4
f - Freeze                Ice            84%        1d9       1%          1
Your spell library was empty.

Dungeon Overview and Level Annotations

Branches:
Dungeon (3/15)

Altars:

Shops:
D:2 ([[[


Innate Abilities, Weirdness & Mutations

You are immune to sickness and miasma.
You are immune to poison.
Your flesh is very heat resistant. (rF++)
You are vulnerable to cold. (rC-)
You float through the air rather than walking.
You learn spells naturally, not from books.
Your magical power is your life essence.
You have superior vitality. (+4 MHP)


Message History

* * * LOW HITPOINT WARNING * * *
Your hound closely misses something.
The ball python bites you but does no damage.
The ball python misses you.
The nameless horror hits your guardian golem.
The orc attacks as you move away! The orc barely misses you.
Your hound misses something.
Send 'em back where they came from!
Your guardian golem shudders.
Your hound shudders.
Your hound misses something.
The nameless horror hits your guardian golem.
Something hits your guardian golem but does no damage.
Your hound bites something.
The ball python attacks as you move away!
The ball python bites you.
* * * LOW HITPOINT WARNING * * *
The ball python barely misses you.
Your hound bites something.
Something hits your guardian golem but does no damage.
Your hound barely misses something.
Something hits your guardian golem but does no damage.
Your hound barely misses something.
The ball python bites you but does no damage.
The ball python grabs you. The ball python constricts you.
* * * LOW HITPOINT WARNING * * *
Your magical contamination has completely faded away.
You escape the ball python's grasp.
The orc attacks as you move away! The orc hits you with a +0 short sword.
* * * LOW HITPOINT WARNING * * *
Something hits your guardian golem.
The ball python attacks as you move away!
The ball python misses you. The orc attacks as you move away!
The orc barely misses you.
The ball python bites you but does no damage.
You block the ball python's attack.
The nameless horror hits something.
The orc attacks as you move away! The orc closely misses you.
The orc attacks as you move away! The orc misses you.
Send 'em back where they came from!
Your guardian golem disappears in a puff of smoke!
The ball python misses you. The ball python barely misses you.
The orc attacks as you move away! The orc hits you but does no damage.
The orc attacks as you move away! The orc barely misses you.
The ball python bites you.
* * * LOW HITPOINT WARNING * * *
The ball python grabs you. The ball python constricts you.
Casting: Summon Guardian Golem (dangerous; 6% risk of failure)
Confirm with . or Enter, or press ? or * to list all spells.
* * * LOW HITPOINT WARNING * * *
You block the orc's attack. The ball python barely misses you.
The ball python constricts you.
You escape the ball python's grasp.
You swap places.
The orc barely misses your hound.
Your hound bites the orc.
The ball python closely misses your hound.
The ball python grabs your hound. The ball python constricts your hound.
Send 'em back where they came from!
Your hound shudders.
Your hound bites the orc but does no damage.
The orc hits your hound with a +0 short sword.
The ball python bites your hound but does no damage.
The ball python constricts your hound.
Your hound bites the orc.
The orc hits your hound with a +0 short sword.
Your hound bites the orc.
The ball python bites your hound. The ball python constricts your hound.
Your hound barely misses the orc.
The ball python bites your hound. The ball python constricts your hound.
Send 'em back where they came from!
Your hound shudders.
Your hound bites the ball python.
The ball python dies!
The nameless horror hits your hound!
Your hound dies!
Your hound's corpse disappears in a puff of smoke!
A puff of flame appears from out of thin air!
The puff of flame hits you. You resist.
* * * LOW HITPOINT WARNING * * *
An orc wizard appears from thin air!
Reactivating autopickup.
Found 26 gold pieces.
The orc wizard casts a spell at you. You resist with some effort.
The orc wizard mumbles some strange words.
The orc wizard flickers and vanishes!
Deactivating autopickup; reactivate with Ctrl-A.
A quokka comes into view.
You reach down and open the door.
An ufetubus comes into view.
The ufetubus shouts!
The quokka barely misses you.
Found 11 gold pieces.
A hobgoblin comes into view.
The hobgoblin shouts!
There is an open door here.
Casting: Call Canine Familiar (dangerous; 6% risk of failure)
Confirm with . or Enter, or press ? or * to list all spells.
* * * LOW HITPOINT WARNING * * *
The ufetubus closely misses you. The ufetubus hits you.
* * * LOW HITPOINT WARNING * * *
The quokka bites you.
* * * LOW HITPOINT WARNING * * *
The hobgoblin misses your hound. You block the ufetubus's attack.
The ufetubus barely misses you. The ufetubus closely misses you.
The ufetubus hits you.
You die...

# #. #.##
##### ###.##
#...# #..
......
#...#.#.#
####..
#...#.#.## #..
#........ #..
#..g.##.####
#..
#@5h.#.....
####..
##r###..#
#.....
#..o...#
+.....
######.#
#.....
#...#####.....
#o##....+.....
#.##o####o....
#..........^..
###........###


You could see an orc, an ufetubus, a quokka, a hobgoblin (ally target) and a
friendly hound (summoned).

Vanquished Creatures
  A bat (D:1)
  A hobgoblin (D:1)
  A ball python (D:1)
  2 goblins
5 creatures vanquished.

Vanquished Creatures (collateral kills)
  An adder (D:3)
  2 worms (D:2)
  A dart slug (D:3)
  2 orcs (D:3)
  3 endoplasms
  2 giant cockroaches
  5 goblins
  5 hobgoblins
  3 kobolds
  A quokka (D:1)
  7 ball pythons
  2 bats (D:1)
  4 frilled lizards (D:2)
  4 rats
42 creatures vanquished.

Grand Total: 47 creatures vanquished

Notes
Turn   | Place    | Note
-------+----------+-------------------------------------------
     0 | D:1      | RascalDebosk the Djinni Summoner began the quest for the
                  | Orb.
     0 | D:1      | RascalDebosk set off with the following spells memorised:
                  | Summon Small Mammal, Call Imp, Call Canine Familiar, Summon
                  | Guardian Golem, Summon Lightning Spire.
     0 | D:1      | Reached XP level 1. HP: 15/15 MP: 0/0
   139 | D:1      | Reached XP level 2. HP: 19/21 MP: 0/0
   591 | D:1      | Found a faded altar of an unknown god.
   698 | D:1      | Reached XP level 3. HP: 24/25 MP: 0/0
   698 | D:1      | Learned a level 1 spell: Freeze
  1013 | D:2      | Found Jaluph's Armour Shoppe.
  1017 | D:2      | Reached skill level 4 in Spellcasting
  1278 | D:2      | Found Tiloyg's Antique Armour Shop.
  1357 | D:2      | Found Exzuseg's Weapon Emporium.
  1358 | D:2      | Found Miomp's Armour Shoppe.
  1786 | D:3      | Reached XP level 4. HP: 31/31 MP: 0/0
  1884 | D:3      | Noticed a nameless horror
  1900 | D:3      | HP: 1/31 [orc/+0 short sword (1)]
  1948 | D:3      | HP: 1/31 [quokka (1)]
  1949 | D:3      | Slain by an ufetubus

Illustrated notes

Levels and vault maps discovered:
D:1:      dpeg_chamrin_arrival_tetris, layout_basic, basic_ecumenical_altar,
          serial_bayou_ford_a, serial_bayou_pond_d
D:2:      layout_basic, serial_shops, shop, nicolae_shop_window_shopping, shop,
          nicolae_shop_trees, chequers_serial_rivers_micro_e
D:3:      layout_basic, glass_columns_a, uniq_crazy_yiuf_cottage

Skill      XL: |  1  2  3 |
---------------+----------+-----
Spellcasting   | 4 |  4.4
Dodging        | |  2.1
Stealth        | |  1.5

Action                     |  1- 3 |  4- 6 || total
---------------------------+-------+-------++-------
  Melee: Dagger            |    15 |     4 ||    19
   Cast: Summon Small Mamm |    53 |     4 ||    57
         Call Canine Famil |     9 |     2 ||    11
         Call Imp          |     4 |     2 ||     6
         Freeze            |       |     2 ||     2
         Summon Guardian G |       |     2 ||     2
 Armour: Robe              |    11 |     5 ||    16
  Dodge: Dodged            |    38 |    16 ||    54
  Block: Other             |       |     4 ||     4
